 Dungeon Crawl Stone Soup version 0.30.1-11-g7821555f0a (webtiles) character file.

Game seed: 1368149228474212436

3253 Ijustatesigmund the Conjurer (level 10, -9/65 HPs)
             Began as an Octopode Conjurer on Jan 11, 2024.
             Engulfed by a steam dragon's steam (13 damage)
             ... on level 7 of the Dungeon.
             The game lasted 00:16:16 (8239 turns).

Ijustatesigmund the Conjurer (Octopode Conjurer)    Turns: 8239, Time: 00:16:16

Health: -9/65      AC:  1    Str:  7    XL:     10   Next: 0%
Magic:  13/28      EV: 14    Int: 24    God:
Gold:   620        SH:  0    Dex: 11    Spells: 14/21 levels left

rFire   . . .        f - +0 war axe
rCold   + . .        (no shield)
rNeg    . . .        (helmet restricted)
rPois   +            (no amulet)
rElec   .            j - ring of magical power
rCorr   .            v - ring of protection from cold
SInv    .            z - ring of poison resistance
Will    .....        (no ring)
Stlth   +++          (no ring)
HPRegen 0.30/turn    (no ring)
MPRegen 0.21/turn    (no ring)
                     (no ring)

%: no passive effects
@: hasted, very quick
A: almost no armour, amphibious, 8 rings, camouflage 1, gelatinous body 1,
(nimble swimmer 1), tentacles
a: no special abilities


You were on level 7 of the Dungeon.
You visited 1 branch of the dungeon, and saw 7 of its levels.
You also visited: Ossuary.

You collected 642 gold pieces.
You spent 22 gold pieces at shops.

Inventory:

Hand Weapons
 f - a +0 war axe (weapon)
Jewellery
 j - a ring of magical power (left tentacle)
 v - a ring of protection from cold (right tentacle)
 z - a ring of poison resistance (on tentacle)
Wands
 c - a wand of flame (26)
 o - a wand of roots (11)
 u - a wand of digging (11)
Scrolls
 g - a scroll of poison {unknown}
 i - a scroll of blinking
 k - a scroll of enchant armour {unknown}
 l - a scroll of silence
 n - a scroll of teleportation
 q - a scroll of summoning {unknown}
 t - 2 scrolls of fear
 w - a scroll of fog {unknown}
 y - 3 scrolls of immolation
 A - 2 scrolls of enchant weapon {unknown}
 B - a scroll of torment {unknown}
 E - a scroll of magic mapping {unknown}
Potions
 a - 2 potions of magic
 b - a potion of curing
 e - 3 potions of attraction
 h - a potion of mutation
 m - 2 potions of invisibility
 p - 2 potions of brilliance
 r - 3 potions of flight
 s - 3 potions of might
 x - a potion of ambrosia
 C - a potion of resistance {unknown}
 D - a potion of degeneration {unknown}
 F - 2 potions of haste


   Skills:
 + Level 4.6 Fighting
 + Level 1.6 Axes
 - Level 4.0 Dodging
 - Level 2.6 Stealth
 + Level 6.3 Spellcasting
 + Level 7.8 Conjurations
 + Level 7.6 Translocations


You had 14 spell levels left.
You knew the following spells:

 Your Spells              Type           Power      Damage    Failure   Level
a - Magic Dart            Conj           100%       1d8       1%          1
b - Searing Ray           Conj           90%        2d7       1%          2
c - Iskenderun's Mystic   Conj/Tloc      44%        2d10      3%          4

Your spell library contained the following spells:

 Spells                   Type           Power      Damage    Failure   Level
 Apportation              Tloc           88%        N/A       1%          1
 Dazzling Flash           Conj/Hex       52%        N/A       4%          3
 Portal Projectile        Hex/Tloc       50%        N/A       4%          3
 Sublimation of Blood     Necr           7%         N/A       12%         2
 Wereblood                Tmut           7%         N/A       12%         2
 Fulminant Prism          Conj/Hex       13%        3d8       16%         4
 Tukima's Dance           Hex            7%         N/A       22%         3
 Summon Forest            Summ/Tloc      12%        N/A       41%         5
 Alistair's Intoxication  Tmut/Pois      4%         N/A       91%         5
 Blade Hands              Tmut           3%         N/A       91%         5
 Summon Mana Viper        Hex/Summ       7%         N/A       91%         5
 Summon Cactus Giant      Summ           3%         N/A       100%        6
 Summon Hydra             Summ           3%         N/A       100%        7


Dungeon Overview and Level Annotations

Branches:
Dungeon (7/15)            Ossuary (visited)
 Temple: D:4-7

Altars:
Dithmenos
Kikubaaqudgha
Ru

Shops:
D:2 *((


Innate Abilities, Weirdness & Mutations

You cannot wear most types of armour.
You are amphibious.
You can wear up to eight rings at the same time.
Your skin changes colour to match your surroundings (Stealth+).
Your rubbery body absorbs attacks. (AC +1, EV +1)
((You are camouflaged when in or above water. (Stealth+)))
You have tentacles for arms and can constrict up to eight enemies at once.


Message History

The searing ray hits the bullfrog!
You kill the bullfrog!
The black bear goes berserk!
You hear a distant slurping noise.
The searing ray hits the black bear.
The black bear is almost dead.
The searing ray hits the steam dragon.
The steam dragon is almost dead.
The black bear bites you! The black bear claws you. x2
The black bear barely misses you. The black bear misses you.
The black bear claws you.
The searing ray hits the black bear.
You kill the black bear!
The searing ray hits the steam dragon.
You kill the steam dragon!
You finish channelling your searing ray.
You have reached level 10!
You feel stronger.
Casting: Searing Ray (safe; 1% risk of failure)
Confirm with . or Enter, or press ? or * to list all spells.
You erupt in a blast of force!
The mystic blast hits the steam dragon but does no damage.
The steam dragon is lightly wounded.
You hear a shout!
The steam dragon bites you! The steam dragon misses you.
The steam dragon bites you! The steam dragon claws you.
Casting: Iskenderun's Mystic Blast (dangerous; 3% risk of failure)
Confirm with . or Enter, or press ? or * to list all spells.
You erupt in a blast of force!
The mystic blast hits the steam dragon!
The steam dragon is heavily wounded.
The steam dragon breathes steam at you. The ball of steam hits you!
* * * LOW HITPOINT WARNING * * *
You hear an angry hiss.
You hear a shout!
You are engulfed in a cloud of scalding steam.
* * * LOW HITPOINT WARNING * * *
The steam dragon barely misses you. The steam dragon misses you.
It was a potion of haste.
You feel yourself speed up.
You are engulfed in a cloud of scalding steam.
You die...

##.#.## #....# #####....
##.#.# +....####
#........ ##...#
##..##..#######........
#..###
#####'....##............
#.## #$$
##....##............ #.#
.... ##..###.........)..
#†# .....
##'###............ #.##
..8...##†§##............
#..#
......D@§§.#............
##.#
.....##.§.§#...........#
##.# #.[
+#..##......###.## ##.#
# #### ##.# ##.# ##.#
##.# #..#


You could see a steam dragon (catching breath).

Vanquished Creatures
  A steam dragon (D:7)
  2 water moccasins
  An ice beast (D:7)
  A sky beast (D:7)
  4 black bears
  2 ogres
  3 phantoms
  A kobold brigand (D:7)
  6 bullfrogs
  A scorpion (D:5)
  11 killer bees
  2 jellies
  7 orc priests
  3 hounds
  A sleepcap (D:4)
  7 orc wizards
  Natasha (twice) (D:3)
  3 iguanas (D:5)
  9 mummies
  4 gnolls (D:5)
  4 adders
  4 white imps
  An ufetubus (D:4)
  4 worms
  2 dart slugs
  15 orcs
  A ball python (D:4)
  11 endoplasms
  3 giant cockroaches
  A gnoll zombie (Ossuary)
  6 hobgoblins
  3 quokkas
  3 bats
  6 frilled lizards
  4 goblins
  A hobgoblin zombie (Ossuary)
  10 kobolds
  4 kobold zombies (Ossuary)
  2 orc zombies (Ossuary)
  5 rats
161 creatures vanquished.

Notes
Turn   | Place    | Note
-------+----------+-------------------------------------------
     0 | D:1      | Ijustatesigmund the Octopode Conjurer began the quest for
                  | the Orb.
     0 | D:1      | Reached XP level 1. HP: 11/11 MP: 3/3
   151 | D:1      | Reached XP level 2. HP: 6/18 MP: 0/5
   203 | D:1      | Learned a level 2 spell: Searing Ray
   321 | D:1      | Found a faded altar of an unknown god.
   555 | D:1      | Reached skill level 1 in Fighting
   904 | D:2      | Reached XP level 3. HP: 23/23 MP: 1/6
   963 | D:2      | Found Yttecuw's General Store.
   996 | D:2      | Found Xarib's Antique Weapon Boutique.
   998 | D:2      | Bought a scroll of identify for 22 gold pieces
  1351 | D:2      | Found Sopyduha's Antique Weapon Shop.
  1448 | D:2      | Reached XP level 4. HP: 29/29 MP: 8/8
  1502 | D:2      | Learned a level 4 spell: Iskenderun's Mystic Blast
  2249 | D:3      | Noticed Natasha
  2252 | D:3      | Killed Natasha
  2281 | D:3      | Noticed Natasha
  2285 | D:3      | Killed Natasha
  2286 | D:3      | Reached skill level 1 in Translocations
  2286 | D:3      | Reached XP level 5. HP: 25/34 MP: 9/9
  2628 | D:4      | Found a sacrificial altar of Ru.
  2811 | D:4      | Found a shadowy altar of Dithmenos.
  2887 | D:4      | Reached skill level 5 in Conjurations
  2898 | D:4      | Reached XP level 6. HP: 23/39 MP: 10/11
  4055 | D:5      | Entered Level 5 of the Dungeon
  4089 | D:5      | Reached XP level 7. HP: 38/45 MP: 12/12
  4923 | D:5      | Reached skill level 5 in Translocations
  5088 | D:5      | Reached XP level 8. HP: 44/50 MP: 14/14
  5497 | D:6      | Found an ancient bone altar of Kikubaaqudgha.
  5690 | D:6      | Reached skill level 5 in Spellcasting
  6511 | D:7      | Reached XP level 9. HP: 56/56 MP: 17/17
  6554 | D:7      | Found a sand-covered staircase.
  6562 | Ossuary  | Entered an ossuary
  8186 | D:7      | Reached skill level 1 in Axes
  8235 | D:7      | Reached XP level 10. HP: 41/65 MP: 19/19
  8239 | D:7      | Engulfed by a steam dragon's steam

Illustrated notes

Levels and vault maps discovered:
D:1:      dpeg_arrival_tiny_k, layout_rooms, serial_forest,
          infiniplex_forest_lined_3, infiniplex_forest_lined_2,
          infiniplex_forest_lined_room_2, infiniplex_forest_lined_3,
          infiniplex_forest_3_way, infiniplex_forest_lined_ring,
          shapermc_ecumenical_altar_gd, wander_ebering_terrifying_dragon_lair
D:2:      layout_rooms, serial_shops, shop, shop, shop, st_stairs_12,
          serial_bayou_pond_a
D:3:      layout_basic, uniq_natasha
D:4:      layout_basic, nicolae_dithmenos_the_darkroom,
          nicolae_ru_great_annihilating_truth, serial_glass, glass_columns_b,
          glass_columns_a, glass_columns_a, glass_columns_a, glass_columns_a,
          glass_columns_a, glass_columns_c, glass_columns_b, wad_rectangle_vault
D:5:      layout_basic, kennysheep_generic_room_14
D:6:      layout_rooms, amcnicky_altar_gilded
D:7:      minmay_bubble_buster, layout_basic, minmay_temple_entry_waves,
          gup_ossuary_entry_pyramid, patterned_corridor

Skill      XL: |  1  2  3  4  5  6  7  8  9 |
---------------+----------------------------+-----
Fighting       | 1 2 3 4 |  4.6
Spellcasting   | 3 4 5 6 |  6.3
Translocations | 1 2 3 5 6 7 |  7.6
Conjurations   | 5 6 7 |  7.8
Dodging        | 4 |  4.0
Axes           | 1 |  1.6
Stealth        | |  2.6

Action                     |  1- 3 |  4- 6 |  7- 9 | 10-12 || total
---------------------------+-------+-------+-------+-------++-------
  Melee: Unarmed           |    10 |       |       |       ||    10
         Tentacles         |     5 |     2 |     8 |       ||    15
         Constrict         |     3 |     2 |     8 |       ||    13
         War axe           |    10 |     7 |    33 |       ||    50
         Punch             |     1 |       |       |       ||     1
   Cast: Magic Dart        |    50 |    95 |   138 |       ||   283
         Searing Ray       |       |    11 |    25 |       ||    36
         Iskenderun's Myst |       |       |    24 |     2 ||    26
  Evoke: Wand              |       |       |     4 |       ||     4
    Use: Scroll            |     1 |       |    15 |       ||    16
         Potion            |       |       |     5 |     1 ||     6
 Armour: Skin              |       |     1 |     3 |       ||     4
  Dodge: Dodged            |    14 |    30 |    80 |     3 ||   127
